AoeStats
← ShogunPilo

Black Forest

510387263Analyzed
2v2 RM · 21h ago on Sep 30, 2026· 59m 51s· 4 players
Game mode
Random Map
Map size
Medium (4 player)
Population
200
Speed
Normal
Resources
Standard
Victory
Conquest
Starting age
Dark Age
Ending age
Imperial Age
RankedLock teamsTeams togetherTeam positionsShared explorationLock speedFull tech treeHidden civsTurbo modeCheats
Victory
Defeat
🇩🇪 Varangians · Germany
962
+15
🇩🇪 Saxons · Germany
917
+17
🇦🇷 Goths · Argentina
971
-17
🇦🇷 Italians · Argentina
918
-15
Kronprinz Lukas I.
5:27 Loom
11:01 Feudal Age
11:58 Double-Bit Axe
11:55 Horse Collar
14:02 Wheelbarrow
20:22 Castle Age
19:38 Forging
19:59 Fletching
21:51 Town Watch
22:12 Scale Mail Armor
25:08 Bow Saw
27:13 Heavy Plow
31:38 Imperial Age
29:32 Ballistics
31:10 Iron Casting
31:56 Hand Cart
32:40 Town Patrol
34:55 Masonry
36:11 Gold Mining
36:57 Crop Rotation
36:20 Stone Mining
35:59 Vendel Legacy
38:06 Conscription
39:06 Bloodlines
39:47 Scale Barding Armor
39:46 Husbandry
39:09 Cavalier
40:51 Fortified Wall
41:42 Chemistry
41:31 Bodkin Arrow
42:02 Murder Holes
42:20 Caravan
45:14 Stone Shaft Mining
44:55 Squires
44:40 Gambesons
45:26 Padded Archer Armor
47:57 Arson
47:32 Elite Varangian Guard
49:18 Blast Furnace
49:22 Treadmill Crane
50:01 Chain Mail Armor
51:03 Elite Jarl
51:04 Gothikon
54:54 Chain Barding Armor
57:06 Heavy Scorpion
Sir Peat
1:48 Loom
11:47 Feudal Age
13:57 Wheelbarrow
13:11 Double-Bit Axe
19:31 Castle Age
24:17 Horse Collar
26:06 Fortified Wall
31:32 Imperial Age
30:16 Gold Mining
30:18 Stone Mining
30:20 Fletching
30:55 Ballistics
30:42 Town Watch
31:27 Forging
32:27 Heavy Plow
33:34 Bodkin Arrow
35:01 Conscription
34:13 Cranequins
35:51 Squires
36:16 Thumb Ring
35:32 Elite Skirmisher
36:54 Bracer
37:29 Iron Casting
38:19 Padded Archer Armor
39:21 Chemistry
38:17 Murder Holes
38:27 Caravan
39:18 Iron Casting
39:28 Leather Archer Armor
38:54 Pikeman
39:05 Shield Wall
41:24 Gold Shaft Mining
41:01 Bow Saw
40:57 Scale Mail Armor
40:21 Halberdier
41:48 Ring Archer Armor
42:04 Hand Cart
41:33 Treadmill Crane
42:16 Chain Mail Armor
43:10 Siege Engineers
43:02 Heavy Scorpion
44:41 Hoardings
44:55 Plate Mail Armor
44:03 Elite Hearth Troop
45:18 Onager
45:21 Clerical Recruitment
45:39 Heavy Mounted Crossbowman
46:55 Crossbowman
48:25 Guilds
48:46 Coinage
48:29 Elite Varangian Guard
49:05 Onager
52:16 Two-Man Saw
50:58 Arbalester
51:21 Capped Ram
52:08 Fishing Lines
52:45 Masonry
53:08 Banking
53:01 Arson
53:15 Gambesons
54:55 Architecture
54:20 Heated Shot
ShogunPilo
1:22 Loom
15:44 Feudal Age
19:41 Castle Age
18:42 Double-Bit Axe
25:40 Imperial Age
25:42 Forging
26:26 Onager
31:08 Horse Collar
32:49 Iron Casting
35:02 Perfusion
35:08 Scale Mail Armor
37:27 Blast Furnace
42:08 Wheelbarrow
43:26 Chain Mail Armor
43:14 Squires
45:41 Conscription
46:58 Hand Cart
48:19 Fletching
52:01 Gold Mining
55:49 Town Watch
SonLuffy6398
5:22 Loom
13:24 Feudal Age
18:08 Fletching
21:50 Castle Age
24:32 Double-Bit Axe
24:56 Stone Mining
25:00 Gold Mining
24:59 Horse Collar
27:01 Stone Shaft Mining
30:22 Wheelbarrow
31:12 Bodkin Arrow
31:43 Padded Archer Armor
33:13 Silk Road
33:06 Caravan
37:34 Imperial Age
35:20 Hand Cart
34:51 Town Watch
35:11 Murder Holes
35:36 Ballistics
37:03 Forging
36:54 Scale Mail Armor
37:10 Leather Archer Armor
39:41 Chemistry
39:18 Town Patrol
41:10 Bracer
41:42 Ring Archer Armor
41:32 Pikeman
46:07 Pirotechnia
46:20 Conscription
46:36 Hoardings
46:38 Iron Casting
46:19 Chain Mail Armor
45:52 Treadmill Crane
46:22 Masonry
53:44 Squires
Connection lost

Rejoining the realm…

Still unreachable

The connection could not be restored.

Session expired

The server has moved on; the page needs a fresh start.